AoeStats
← ivcrk826

Arabia

508420600Analyzed
1v1 RM · 9d ago on Sep 22, 2026· 35m 39s· 2 players
Game mode
Random Map
Map size
Tiny (2 player)
Population
200
Speed
Normal
Resources
Standard
Victory
Conquest
Starting age
Dark Age
Ending age
Imperial Age
RankedLock teamsTeams togetherTeam positionsShared explorationLock speedFull tech treeHidden civsTurbo modeCheats
Victory
Defeat
🇦🇷 Shu · Argentina
1115
+16
🇨🇦 Mongols · Canada
1117
-16
ivcrk826
6:21 Loom
9:42 Feudal Age
21:50 Fletching
27:26 Castle Age
26:23 Double-Bit Axe
29:26 Bodkin Arrow
35:26 Pikeman
Addicted8763
1:15 Loom
8:40 Feudal Age
23:26 Castle Age
29:27 Double-Bit Axe
Connection lost

Rejoining the realm…

Still unreachable

The connection could not be restored.

Session expired

The server has moved on; the page needs a fresh start.